 Dungeon Sprint DCSS version 0.32-a0-42-ga30500b4d3 (webtiles) character file.

Game seed: 6009523426771305814

88 rocky1 the Apothecary (level 4, -6/44 HPs)
             Began as a Troll Alchemist on Jan 29, 2024.
             Shot with an arrow by a centaur (12 damage)
             ... in the Dungeon (Sprint IX: "|||||||||||||||||||||||||||||").
             The game lasted 00:00:50 (51 turns).

rocky1 the Apothecary (Troll Alchemist)               Turns: 51, Time: 00:00:52

Health: -6/44      AC:  4    Str: 16    XL:     4   Next: 30%
Magic:  6/6        EV: 10    Int: 13    God:
Gold:   0          SH:  0    Dex: 10    Spells: 6/7 levels left

rFire   . .          .
                       - Unarmed
rCold   . . .        (no shield)
rNeg    . . .        a - +0 robe
rPois   .            (helmet restricted)
rElec   .            (no cloak)
rCorr   .            (gloves unavailable)
SInv    .            (boots unavailable)
Will    .....        (no amulet)
Stlth   ++           (no ring)
HPRegen 1.07/turn    (no ring)
MPRegen 0.10/turn

%: no teleportation
@: on berserk cooldown, slowed, very slow
A: large, unfitting armour, claws 3, regeneration 1, shaggy fur 1, tough skin 1
a: no special abilities


You were in the Dungeon.
You visited 1 branch

Inventory:

Armour
 a - a +0 robe (worn)
Scrolls
 g - a scroll of blinking
Potions
 b - 3 potions of magic
 c - a potion of curing
 d - a potion of heal wounds
 e - a potion of haste


   Skills:
 * Level 2.3 Fighting
 + Level 2.8 Dodging
 + Level 1.6 Stealth
 * Level 3.1 Unarmed Combat
 + Level 2.3 Spellcasting
 + Level 1.0 Conjurations
 + Level 4.3 Alchemy


You had 6 spell levels left.
You knew the following spells:

 Your Spells              Type           Power      Damage    Failure   Level
a - Sting                 Conj/Alch      32%        1d5       9%          1

Your spell library contained the following spells:

 Spells                   Type           Power      Damage    Failure   Level
 Mercury Vapours          Alch/Air       14%        N/A       16%         2
 Mephitic Cloud           Conj/Alch/Air  6%         N/A       34%         3
 Olgreb's Toxic Radiance  Alch           12%        N/A       38%         4
 Sticky Flame             Fire/Alch      7%         2d4       69%         4


Dungeon Overview and Level Annotations

Branches:
Dungeon (1/1)

Altars:


Innate Abilities, Weirdness & Mutations

You are too large for most types of armour.
You have claws for hands.
Your natural rate of healing is unusually fast.
You are covered in fur. (AC +1)
You have tough skin. (AC +1)


Message History

The sleepcap is moderately damaged.
You claw the sleepcap!
The sleepcap is heavily damaged.
You are no longer berserk.
You are exhausted.
You feel yourself slow down. The sleepcap releases spores at you.
You are engulfed in a cloud of soporific spores!
You fall asleep.
The sleepcap releases spores at you.
You wake up.
You scratch the sleepcap but do no damage.
The sleepcap is heavily damaged.
The sleepcap misses you.
You claw the sleepcap!
The sleepcap is almost destroyed.
Your attacks no longer feel as feeble.
The sleepcap closely misses you. The sleepcap releases spores at you.
You claw the sleepcap!
You destroy the sleepcap!
Your Unarmed Combat skill increases to level 3!
Your Conjurations skill increases to level 1!
You have reached level 4!
You scratch the iguana but do no damage.
The iguana bites you.
You scratch the iguana.
The iguana is moderately wounded.
The iguana closely misses you.
The iguana bites you but does no damage.
You barely miss the iguana.
The iguana is moderately wounded.
The iguana bites you.
You scratch the iguana.
The iguana is severely wounded.
The iguana closely misses you. The iguana bites you!
You claw the iguana!
You kill the iguana!
The centaur wields a +0 shortbow.
The centaur shoots an arrow.
The arrow misses you.
The centaur shoots an arrow.
The arrow hits you!
* * * LOW HITPOINT WARNING * * *
The centaur shoots an arrow.
The arrow hits you!
You die... ▓▓▓▓▓▓▓▓▓▓▓▓▓▓▓▓▓▓ ▓<...')†...@)c...+ ▓▓▓▓▓▓▓▓▓▓▓▓▓▓▓▓▓▓

You could see a centaur.

Vanquished Creatures
  A hound (D)
  A gnoll bouda (D)
  An iguana (D)
  A sleepcap (D)
  An endoplasm (D)
  A goblin (D)
  A kobold (D)
  2 rats (D)
9 creatures vanquished.

Notes
Turn   | Place    | Note
-------+----------+-------------------------------------------
     0 | D        | rocky1 the Troll Alchemist began the quest for the Orb.
     0 | D        | Reached XP level 1. HP: 16/16 MP: 1/1
    12 | D        | Reached skill level 3 in Alchemy
    19 | D        | Noticed a hound
    19 | D        | Noticed a gnoll bouda
    19 | D        | Noticed a sleepcap
    19 | D        | Noticed an iguana
    19 | D        | Noticed a centaur
    29 | D        | Killed a hound
    30 | D        | Reached skill level 1 in Fighting
    30 | D        | Reached skill level 1 in Unarmed Combat
    30 | D        | Reached XP level 2. HP: 27/27 MP: 4/4
    30 | D        | Reached XP level 3. HP: 33/33 MP: 5/5
    40 | D        | Reached skill level 4 in Alchemy
    47 | D        | Reached skill level 1 in Conjurations
    47 | D        | Reached XP level 4. HP: 26/44 MP: 6/6
    51 | D        | Shot with an arrow by a centaur

Illustrated notes

Levels and vault maps discovered:
D:        linesprint [early_d, line_temple, items_1, d_10, items_2, lair_1,
          lair_end, items_3, orc_1, orc_end, items_4, d_15, swamp_1, shoals_1,
          snake_1, spider_1, d_20, vaults_1, items_5, swamp_end, shoals_end,
          snake_end, spider_end, vaults_end, d_27, items_6, zot_1, zot_end,
          crypt_end, forest_end, elf_end, slime_end, tomb_end, abyss_end,
          pan_hell_end]

Skill      XL: |  1  2  3 |
---------------+----------+-----
Alchemy        | 3 4 |  4.3
Fighting       | 1 2 |  2.3
Dodging        | 2 |  2.8
Unarmed Combat | 1 3 |  3.1
Spellcasting   | 2 |  2.3
Conjurations   | 1 |  1.0
Stealth        | |  1.6

Action                     |  1- 3 |  4- 6 || total
---------------------------+-------+-------++-------
  Melee: Unarmed           |    33 |     5 ||    38
         Punch             |     2 |       ||     2
    Use: Potion            |     1 |       ||     1
   Stab: Sleeping          |     1 |       ||     1
 Armour: Robe              |    15 |     6 ||    21
  Dodge: Dodged            |    14 |     3 ||    17

Table legend: (Time is in decaauts)
 A = Elapsed time spent in this place.
 B = Non-inter-level travel time spent in this place.
 C = Inter-level travel time spent in this place.
 D = Time resting spent in this place.
 E = Time spent auto-exploring this place.
 F = Levels seen in this place.
 G = Mean time per level.
                   A        B        C        D        E       F      G
               +--------+--------+--------+--------+--------+-----+--------+
         Total |     48 |     48 |      0 |      0 |      0 |   1 |   48.0 |
       Dungeon |     48 |     48 |      0 |      0 |      0 |   1 |   48.0 |
               +--------+--------+--------+--------+--------+-----+--------+

Top non-repeatable levels by time:
       D: 48 daAuts
